 Dungeon Crawl Stone Soup version 0.32-a0-683-ge26c5dbc97 (webtiles) character file.

Game seed: 17054610478418337880

47 Kiciri the Chopper (level 3, -9/29 HPs)
             Began as a Demonspawn Fighter on Mar 12, 2024.
             Mangled by a +3 dire flail of electrocution (20 damage)
             ... created by the rancor of the Wu Jian Council
             ... on level 3 of the Dungeon.
             The game lasted 00:01:43 (1452 turns).

Kiciri the Chopper (Demonspawn Fighter)             Turns: 1452, Time: 00:01:43

Health: -9/29      AC: 16    Str: 18    XL:     3   Next: 48%
Magic:  3/3        EV:  9    Int:  8    God:
Gold:   110        SH:  4    Dex: 12    Spells: 2/2 levels left

rFire   . . .        a - +0 war axe
rCold   . . .        c - +0 buckler
rNeg    . . .        b - +0 scale mail
rPois   .            (no helmet)
rElec   .            k - +0 cloak
rCorr   .            n - +2 pair of gloves
SInv    .            (no boots)
Will    .....        (no amulet) Stlth
                     (no ring)
HPRegen 0.24/turn    (no ring)
MPRegen 0.08/turn

%: no passive effects
@: sanguine armoured, hasted, very quick
A: sanguine armour 1
a: no special abilities


You were on level 3 of the Dungeon.
You visited 1 branch of the dungeon, and saw 3 of its levels.

You collected 110 gold pieces.

Inventory:

Hand Weapons
 a - a +0 war axe (weapon)
 l - a +0 sling
Armour
 b - a +0 scale mail (worn)
 c - a +0 buckler (worn)
 k - a +0 cloak (worn)
 n - a +2 pair of gloves (worn)
Magical Staves
 f - a staff of air
Scrolls
 e - 2 scrolls of fog {unknown}
 g - 2 scrolls of poison {unknown}
 h - a scroll of blinking {unknown}
 m - a scroll of amnesia {unknown}
 o - 3 scrolls of identify {unknown}
Potions
 d - a potion of might
 i - a potion of haste
 p - a potion of enlightenment {unknown}
 q - a potion of curing {unknown}
 r - a potion of heal wounds {unknown}
 s - a potion of brilliance {unknown}
 t - a potion of degeneration {unknown}


   Skills:
 - Level 3.0 Fighting
 + Level 3.6 Axes
 - Level 2.6 Armour
 - Level 2.6 Shields


You had 2 spell levels left.
You didn't know any spells.
Your spell library contained the following spells:

 Spells                   Type           Power      Damage    Failure   Level
 Apportation              Tloc           0%         N/A       87%         1
 Necrotise                Necr           0%         1d4       87%         1
 Sting                    Conj/Alch      0%         1d3       87%         1
 Summon Small Mammal      Summ           0%         N/A       87%         1


Dungeon Overview and Level Annotations

Branches:
Dungeon (3/15)

Altars:
Wu Jian

Shops:
D:3 (


Innate Abilities, Weirdness & Mutations

When seriously injured, your blood forms armour. (AC +6)


Message History

You closely miss the kobold.
The kobold is severely wounded.
The kobold barely misses you. The kobold closely misses you.
You closely miss the kobold.
The kobold is severely wounded.
The kobold hits you but does no damage.
Sifu Gene Jian Bin whispers: These will loosen your tongue! 5 dancing weapons come into view.
There is a +4 broad axe of freezing.
There is a +3 dire flail of electrocution.
There is a +1 great sword of flaming.
There is a +1 heavy rapier.
There is a +3 great sword of electrocution.
You closely miss the kobold.
The kobold is severely wounded.
You hit the +3 dire flail of electrocution.
You hit the +1 heavy rapier. The kobold hits you but does no damage.
Magic scrolls do not work when you're silenced!
Unknown command.
It was a potion of magic.
Magic courses through your body. The kobold hits you but does no damage.
The +1 heavy rapier hits you!
The +3 dire flail of electrocution hits you but does no damage.
It was a potion of haste.
You feel yourself speed up.
The +3 dire flail of electrocution hits you.
Your blood congeals into armour.
The +1 heavy rapier hits you but does no damage.
The +4 broad axe of freezing hits you but does no damage.
The kobold closely misses you.
The +3 dire flail of electrocution hits you but does no damage.
You hit the kobold.
You kill the kobold!
You slash the +4 broad axe of freezing!
You destroy the +4 broad axe of freezing!
That felt strangely unrewarding.
You hit the +3 dire flail of electrocution.
You hit the +1 heavy rapier. You block the +1 heavy rapier's attack.
The +3 dire flail of electrocution hits you!
Found a book of Party Tricks.
Your hearing returns.
The +3 dire flail of electrocution attacks as it pursues you!
The +3 dire flail of electrocution hits you but does no damage.
You are electrocuted!!
Ouch! That really hurt!
You die...

#............#
#.......####.# ###.
#.......####.####.....
##...#####............
#...## ###.###.####.##
###.#.# ##...##(.#
#...#.###..####(##
..........## ##(###
.........## #.(@.#
.........#..............
....<....#.......#......
.........#.......##.....
.........#.......# #...#
#....#####.......# #..#
#..### #.......# #..
#..# #......:# #. ...#


You could see 4 dancing weapons.

Vanquished Creatures
  A dancing weapon (D:3)
  An adder (D:2)
  7 bats
  4 endoplasms
  2 giant cockroaches
  3 goblins
  4 hobgoblins
  2 jackals (D:1)
  A quokka (D:2)
  2 ball pythons (D:1)
  A frilled lizard (D:1)
  3 kobolds
  5 rats
36 creatures vanquished.

Notes
Turn   | Place    | Note
-------+----------+-------------------------------------------
     0 | D:1      | Kiciri the Demonspawn Fighter began the quest for the Orb.
     0 | D:1      | Reached XP level 1. HP: 18/18 MP: 1/1
   152 | D:1      | Gained mutation: When seriously injured, your blood forms
                  | armour. (AC +6) [demonic ancestry]
   152 | D:1      | Reached XP level 2. HP: 24/24 MP: 2/2
   707 | D:2      | Reached XP level 3. HP: 21/29 MP: 3/3
   965 | D:2      | Identified the +2 sling "Epuuf" {elec, rElec rCorr Str+5
                  | Int-5}
  1301 | D:1      | Prayed at the altar of an unknown god.
  1301 | D:1      | Became a worshipper of the Wu Jian Council
  1301 | D:1      | Reached * piety under Wu Jian
  1302 | D:1      | Fell from the grace of Wu Jian
  1386 | D:3      | Found Suvoi's Antique Weapon Emporium.
  1448 | D:3      | Noticed a +4 broad axe of freezing
  1448 | D:3      | Noticed a +3 dire flail of electrocution
  1448 | D:3      | Noticed a +1 great sword of flaming
  1448 | D:3      | Noticed a +1 heavy rapier
  1448 | D:3      | Noticed a +3 great sword of electrocution
  1451 | D:3      | Killed a +4 broad axe of freezing
  1452 | D:3      | Mangled by a +3 dire flail of electrocution

Illustrated notes

Levels and vault maps discovered:
D:1:      spicycebolla_arrival_ecumenical, layout_basic
D:2:      layout_basic
D:3:      layout_rooms, nicolae_vehumet_radiance,
          lemuel_zombie_altar_kikubaaqudgha, serial_shops, shop

Skill      XL: |  1  2 |
---------------+-------+-----
Axes           | 2 3 |  3.6
Fighting       | |  3.0
Armour         | |  2.6
Shields        | |  2.6

Action                     || total
---------------------------++-------
  Melee: War axe           ||   118
 Invoke: Renounce Religion ||     1
    Use: Potion            ||     2
 Armour: Scale mail        ||   108
  Dodge: Dodged            ||    62
  Block: Buckler           ||    25

Table legend: (Time is in decaauts)
 A = Elapsed time spent in this place.
 B = Non-inter-level travel time spent in this place.
 C = Inter-level travel time spent in this place.
 D = Time resting spent in this place.
 E = Time spent auto-exploring this place.
 F = Levels seen in this place.
 G = Mean time per level.
                   A        B        C        D        E       F      G
               +--------+--------+--------+--------+--------+-----+--------+
         Total |   1499 |   1357 |    142 |      0 |   1004 |   3 |  499.7 |
       Dungeon |   1499 |   1357 |    142 |      0 |   1004 |   3 |  499.7 |
               +--------+--------+--------+--------+--------+-----+--------+

Top non-repeatable levels by time:
     D:2: 871 daAuts
     D:1: 512 daAuts
     D:3: 115 daAuts
